Little Stars vs Mulligans
Created - 7 janvier 2017 at 20:35
Goals
|
| Little Stars |
2 |
0 |
3 |
5 |
| Mulligans |
1 |
1 |
0 |
2 |
|
Shots
|
| Little Stars |
6 |
4 |
18 |
28 |
| Mulligans |
6 |
18 |
6 |
30 |
|
1st period
1. Mulligans , Denis Arkhipov 2 (Drayson Bowman, Matt Taormina) at 12:34
2. Little Stars , Marcus Johansson 20 (Andrej Nestrasil) at 13:48
3. Little Stars , Tom Kuhnhackl 3 (Jesse Joensuu, Raphael Diaz) at 16:25
Penalties :
Sean Avery (Tex) for Hooking (Minor) at 4:07, Matt Niskanen (Rep) for Roughing (Minor) at 17:15
2nd period
4. Mulligans , Denis Arkhipov 3 (Drayson Bowman) at 3:17
Penalties :
Dana Tyrell (Tex) for Holding (Minor) at 0:22, Hugh Jessiman (Tex) for Hooking (Minor) at 11:31, Eric Tangradi (Rep) for Boarding (Minor) at 16:24
3rd period
5. Little Stars , Raphael Diaz 5 (Niklas Hjalmarsson, Peter Budaj) at 3:07 (PP)
6. Little Stars , Sean Avery 19 (Robert Klinkhammer, Oscar Lindberg) at 11:02
7. Little Stars , Andrej Nestrasil 7 (Marcus Johansson) at 11:33
Penalties :
Anton Lander (Rep) for Hooking (Minor) at 2:57, Eric Tangradi (Rep) for Hooking (Minor) at 5:45, Drayson Bowman (Rep) for Hooking (Minor) at 14:48
Goalie Stats
Peter Budaj (Tex), 28 saves from 30 shots - (0,933), W, 8-6-0, 60:00 minutes
Anders Lindback (Rep), 23 saves from 28 shots - (0,821), L, 7-7-2, 60:00 minutes
Players Stats for Little Stars
Player Name G A P +/- PIM S H SB GA TA FO MP PP MP PK MP
------------------------------------------------------------------------------------
Alexander Vasyunov 0 0 0 1 0 1 1 0 0 0 0/0 9:39 1:43 0:00
Andrej Nestrasil 1 1 2 1 0 1 2 0 0 1 8/9 16:55 3:13 0:00
Conor Allen 0 0 0 1 0 0 0 0 0 1 0/0 9:28 0:00 0:00
Dana Tyrell 0 0 0 -1 2 2 0 1 0 1 20/34 20:12 3:53 1:16
Hugh Jessiman 0 0 0 -1 2 0 2 0 1 0 2/3 20:13 4:04 1:10
Jared Spurgeon 0 0 0 1 0 1 0 0 0 0 0/0 18:50 3:31 2:28
Jesse Joensuu 0 1 1 1 0 1 1 0 1 0 0/0 11:49 0:00 0:00
Jonathan Huberdeau 0 0 0 0 0 0 0 0 0 0 0/0 3:56 1:53 1:09
Justin Faulk 0 0 0 1 0 1 0 3 0 0 0/0 18:50 3:31 2:28
Marcus Johansson 1 1 2 1 0 7 3 0 1 0 0/1 20:09 3:20 3:07
Michael Mersch 0 0 0 0 0 0 0 0 0 0 1/2 3:04 0:28 1:57
Niklas Hjalmarsson 0 1 1 0 0 2 1 2 1 1 0/0 27:06 4:35 3:29
Oscar Lindberg 0 1 1 1 0 0 0 0 0 0 2/3 5:11 0:00 0:00
Petter Granberg 0 0 0 1 0 0 0 1 0 0 0/0 9:28 0:00 0:00
Raphael Diaz 1 1 2 0 0 3 1 1 0 0 0/0 27:06 4:35 3:29
Robert Klinkhammer 0 1 1 1 0 1 0 0 0 0 0/0 5:11 0:00 0:00
Scott Harrington 0 0 0 0 0 0 0 0 0 0 0/0 4:36 0:00 0:00
Sean Avery 1 0 1 0 2 5 1 1 0 1 2/6 24:22 3:44 2:09
T.J. Tynan 0 0 0 1 0 1 2 1 0 0 2/7 13:20 0:22 1:06
Tom Kuhnhackl 1 0 1 1 0 1 2 0 0 0 0/0 12:31 0:50 0:00
Tyler Randell 0 0 0 0 0 1 0 2 0 0 0/0 7:27 0:48 0:00
Tyler Wotherspoon 0 0 0 0 0 0 0 0 0 0 0/0 4:36 0:00 0:00
Players Stats for Mulligans
Player Name G A P +/- PIM S H SB GA TA FO MP PP MP PK MP
------------------------------------------------------------------------------------
Anton Lander 0 0 0 -2 2 2 0 1 0 1 12/29 20:26 2:41 2:40
Cade Fairchild 0 0 0 -1 0 0 0 0 0 0 0/0 7:04 0:00 3:36
Cody Goloubef 0 0 0 -1 0 0 0 1 0 0 0/0 7:04 0:00 3:36
Denis Arkhipov 2 0 2 2 0 3 1 1 0 0 10/19 18:28 3:10 0:14
Drayson Bowman 0 2 2 2 2 3 1 0 0 0 0/2 17:36 0:11 1:47
Eric Tangradi 0 0 0 -2 4 2 0 0 1 0 0/0 18:40 2:41 0:41
Gord Baldwin 0 0 0 0 0 1 2 2 0 0 0/0 13:50 0:00 4:30
Jan Hlavac 0 0 0 0 0 1 1 0 1 1 1/1 11:51 0:06 4:09
Jonathan Tremblay 0 0 0 -2 0 6 4 0 0 0 0/1 16:28 2:41 0:00
Joonas Donskoi 0 0 0 0 0 0 0 0 0 0 0/0 6:12 0:00 0:00
Jordan Szwarz 0 0 0 2 0 2 0 0 0 0 0/1 18:16 3:11 0:00
Logan Shaw 0 0 0 -2 0 2 1 0 0 0 0/0 9:20 0:00 0:00
Matt Beleskey 0 0 0 -2 0 2 0 1 0 0 0/0 12:40 3:10 0:37
Matt Donovan 0 0 0 0 0 0 1 0 1 0 0/0 13:50 0:00 4:30
Matt Niskanen 0 0 0 0 2 1 0 3 0 0 0/0 19:17 2:48 0:00
Matt Taormina 0 1 1 -1 0 3 3 0 0 0 0/0 19:51 3:09 0:00
Maxime Macenauer 0 0 0 -2 0 1 1 0 0 0 1/3 11:24 0:00 2:01
Michael Del Zotto 0 0 0 -1 0 1 2 1 1 0 0/0 19:51 3:09 0:00
Thomas Hickey 0 0 0 0 0 0 0 1 1 2 0/0 19:15 2:48 0:00
Tim Schaller 0 0 0 0 0 0 3 1 0 0 4/9 10:26 0:00 4:03
3 Stars
1 - Denis Arkhipov (Rep)
2 - Marcus Johansson (Tex)
3 - Andrej Nestrasil (Tex)
Power Play
Little Stars - 1 on 5 Attempt(s) - 20,00%
Mulligans - 0 on 4 Attempt(s) - 0,00%
Penalty Kill
Little Stars - 4 on 4 Attempt(s) - 100,00%
- Score 0 goal in Penalty Kill
Mulligans - 4 on 5 Attempt(s) - 80,00%
- Score 0 goal in Penalty Kill
Team Stat
Little Stars - Hits : 16 - Faceoff Wins : 37 - Blocked Shots : 12 - Penalty Minutes : 6
Mulligans - Hits : 20 - Faceoff Wins : 28 - Blocked Shots : 12 - Penalty Minutes : 10
Official
Referees : Meier Brad and Dwyer Gord
Linesman : Dan Schachte and Tony Sericolo
Game Notes
Tyler Randell is injured at 7:45 of 2nd period (Back)
9:54 of 3rd period - Penalty Shot by T.J. Tynan for Little Stars - Shot Misses the Net
Finance
Level 1 -- Attendance: 1568 (78,40%) -- Ticket Income 31 360 $
Level 2 -- Attendance: 773 (77,30%) -- Ticket Income 5 411 $
Total Attendance: 2341 (78,03%)
Total Ticket Income: 36 771 $
Other Income: 1 839 $
Total Income: 38 610 $
Little Stars
5 vs 5 Forward
Center Left Wing Right Wing Time % Phy DF OF
1 Dana Tyrell Sean Avery Hugh Jessiman 40 1 2 2
2 Andrej Nestrasil Marcus Johansson Tyler Randell 30 1 2 2
3 T.J. Tynan Jesse Joensuu Tom Kuhnhackl 20 1 2 2
4 Oscar Lindberg Robert Klinkhammer Sean Avery 10 1 2 2
5 vs 5 Defense
Defense Defense Time % Phy DF OF
1 Raphael Diaz Niklas Hjalmarsson 40 1 2 2
2 Jared Spurgeon Justin Faulk 30 1 2 2
3 Petter Granberg Conor Allen 20 1 2 2
4 Tyler Wotherspoon Scott Harrington 10 1 2 2
PowerPlay Forward
Center Left Wing Right Wing Time % Phy DF OF
1 Dana Tyrell Sean Avery Hugh Jessiman 60 1 2 2
2 Andrej Nestrasil Marcus Johansson Tyler Randell 40 1 2 2
PowerPlay Defense
Defense Defense Time % Phy DF OF
1 Raphael Diaz Niklas Hjalmarsson 60 1 2 2
2 Jared Spurgeon Justin Faulk 40 1 2 2
Penalty Kill 4 Players Forward
Center Wing Time % Phy DF OF
1 Sean Avery Marcus Johansson 60 1 2 2
2 Hugh Jessiman Dana Tyrell 40 1 2 2
Penalty Kill 4 Players Defense
Defense Defense Time % Phy DF OF
1 Raphael Diaz Niklas Hjalmarsson 60 1 2 2
2 Jared Spurgeon Justin Faulk 40 1 2 2
Penalty Kill - 3 Players Forward
Forward Time % Phy DF OF
1 Sean Avery 60 1 2 2
2 Marcus Johansson 40 1 2 2
Penalty Kill - 3 Players Defense
Defense Defense Time % Phy DF OF
1 Raphael Diaz Niklas Hjalmarsson 60 1 2 2
2 Jared Spurgeon Justin Faulk 40 1 2 2
4 vs 4 Forward
Center Wing Time % Phy DF OF
1 Sean Avery Marcus Johansson 60 1 2 2
2 Hugh Jessiman Dana Tyrell 40 1 2 2
4 vs 4 Defense
Defense Defense Time % Phy DF OF
1 Raphael Diaz Niklas Hjalmarsson 60 1 2 2
2 Jared Spurgeon Justin Faulk 40 1 2 2
Last Minutes Offensive
Center Left Wing Right Wing Defense Defense
Dana Tyrell Sean Avery Hugh Jessiman Raphael Diaz Niklas Hjalmarsson
Last Minutes Defensive
Center Left Wing Right Wing Defense Defense
Dana Tyrell Sean Avery Hugh Jessiman Raphael Diaz Niklas Hjalmarsson
Goaltenders
Starting : Peter Budaj
Backup : Ben Scrivens
Extra Forwards
Normal : Alexander Vasyunov, Jonathan Huberdeau, Michael Mersch - PP : Alexander Vasyunov, Jonathan Huberdeau - PK : Michael Mersch
Extra Defensemen
Normal : Petter Granberg, Conor Allen, Tyler Wotherspoon - PP : Petter Granberg - PK : Conor Allen, Tyler Wotherspoon
Penalty Shots
Sean Avery, Marcus Johansson, Hugh Jessiman, Dana Tyrell, Jesse Joensuu
Mulligans
5 vs 5 Forward
Center Left Wing Right Wing Time % Phy DF OF
1 Denis Arkhipov Drayson Bowman Jordan Szwarz 35 1 2 2
2 Anton Lander Eric Tangradi Jonathan Tremblay 30 0 3 2
3 Maxime Macenauer Matt Beleskey Logan Shaw 20 0 3 2
4 Tim Schaller Jan Hlavac Joonas Donskoi 15 0 3 2
5 vs 5 Defense
Defense Defense Time % Phy DF OF
1 Michael Del Zotto Matt Taormina 36 0 4 1
2 Thomas Hickey Matt Niskanen 34 1 3 1
3 Gord Baldwin Matt Donovan 20 1 4 0
4 Cade Fairchild Cody Goloubef 10 1 3 1
PowerPlay Forward
Center Left Wing Right Wing Time % Phy DF OF
1 Denis Arkhipov Matt Beleskey Jordan Szwarz 60 1 0 4
2 Anton Lander Eric Tangradi Jonathan Tremblay 40 1 0 4
PowerPlay Defense
Defense Defense Time % Phy DF OF
1 Michael Del Zotto Matt Taormina 55 1 1 3
2 Thomas Hickey Matt Niskanen 45 0 2 3
Penalty Kill 4 Players Forward
Center Wing Time % Phy DF OF
1 Tim Schaller Jan Hlavac 60 0 4 1
2 Anton Lander Drayson Bowman 40 0 4 1
Penalty Kill 4 Players Defense
Defense Defense Time % Phy DF OF
1 Matt Donovan Gord Baldwin 60 1 4 0
2 Cody Goloubef Cade Fairchild 40 1 4 0
Penalty Kill - 3 Players Forward
Forward Time % Phy DF OF
1 Jan Hlavac 60 1 4 0
2 Anton Lander 40 1 4 0
Penalty Kill - 3 Players Defense
Defense Defense Time % Phy DF OF
1 Matt Donovan Gord Baldwin 60 1 2 2
2 Cade Fairchild Cody Goloubef 40 1 2 2
4 vs 4 Forward
Center Wing Time % Phy DF OF
1 Denis Arkhipov Drayson Bowman 60 0 2 3
2 Anton Lander Matt Beleskey 40 1 2 2
4 vs 4 Defense
Defense Defense Time % Phy DF OF
1 Michael Del Zotto Matt Taormina 60 0 3 2
2 Thomas Hickey Matt Niskanen 40 0 3 2
Last Minutes Offensive
Center Left Wing Right Wing Defense Defense
Denis Arkhipov Matt Beleskey Jonathan Tremblay Michael Del Zotto Matt Taormina
Last Minutes Defensive
Center Left Wing Right Wing Defense Defense
Anton Lander Jan Hlavac Jonathan Tremblay Matt Taormina Matt Donovan
Goaltenders
Starting : Anders Lindback
Backup : Calvin Pickard
Extra Forwards
Normal : Drayson Bowman, Jordan Szwarz, Matt Beleskey - PP : Drayson Bowman, Jordan Szwarz - PK : Maxime Macenauer
Extra Defensemen
Normal : Matt Donovan, Cody Goloubef, Cade Fairchild - PP : Matt Donovan - PK : Cody Goloubef, Cade Fairchild
Penalty Shots
Jan Hlavac, Maxime Macenauer, Denis Arkhipov, Matt Beleskey, Jonathan Tremblay
% Time on Ice - Little Stars
Lines # - Real PCT - Wanted PCT - Time Play
Normal Forward
1 - 32% - 40% - 14:50
2 - 31% - 30% - 14:07
3 - 26% - 20% - 11:49
4 - 11% - 10% - 5:11
Normal Defense
1 - 41% - 40% - 19:02
2 - 28% - 30% - 12:51
3 - 21% - 20% - 9:28
4 - 10% - 10% - 4:36
PP Forward
1 - 48% - 60% - 3:53
2 - 52% - 40% - 4:13
PP Defense
1 - 57% - 60% - 4:35
2 - 43% - 40% - 3:31
PK Forward
1 - 69% - 60% - 4:05
2 - 31% - 40% - 1:52
PK Defense
1 - 59% - 60% - 3:29
2 - 41% - 40% - 2:28
PK3 Forward
1 - 0% - 60%
2 - 0% - 40%
PK3 Defense
1 - 0% - 60%
2 - 0% - 40%
44 Forward
1 - 0% - 60%
2 - 0% - 40%
44 Defense
1 - 0% - 60%
2 - 0% - 40%
Last Minute Offensive - 0:00
Last Minute Defensive - 0:00
Total
Forward - 60:00
Defense - 60:00
|
% Time on Ice - Mulligans
Lines # - Real PCT - Wanted PCT - Time Play
Normal Forward
1 - 36% - 35% - 16:38
2 - 30% - 30% - 13:47
3 - 20% - 20% - 9:20
4 - 13% - 15% - 6:12
Normal Defense
1 - 40% - 36% - 18:13
2 - 36% - 34% - 16:32
3 - 17% - 20% - 7:49
4 - 7% - 10% - 3:23
PP Forward
1 - 55% - 60% - 3:16
2 - 45% - 40% - 2:41
PP Defense
1 - 53% - 55% - 3:09
2 - 47% - 45% - 2:48
PK Forward
1 - 78% - 60% - 6:20
2 - 22% - 40% - 1:46
PK Defense
1 - 56% - 60% - 4:30
2 - 44% - 40% - 3:36
PK3 Forward
1 - 0% - 60%
2 - 0% - 40%
PK3 Defense
1 - 0% - 60%
2 - 0% - 40%
44 Forward
1 - 0% - 60%
2 - 0% - 40%
44 Defense
1 - 0% - 60%
2 - 0% - 40%
Last Minute Offensive - 0:00
Last Minute Defensive - 0:00
Total
Forward - 60:00
Defense - 60:00
|
Play by Play
1st period
0:01 of 1st period - Dana Tyrell wins face-off versus Jordan Szwarz in neutral zone.
0:22 of 1st period - Icing by Niklas Hjalmarsson.
0:23 of 1st period - Dana Tyrell wins face-off versus Anton Lander in Little Stars zone.
0:28 of 1st period - Wrist shot by Sean Avery.
0:28 of 1st period - Shot Misses the Net.
0:52 of 1st period - Wrist shot by Jesse Joensuu.
0:52 of 1st period - Stopped by Anders Lindback without a rebound.
0:53 of 1st period - T.J. Tynan wins face-off versus Tim Schaller in Mulligans zone.
1:00 of 1st period - Slapshot by Justin Faulk.
1:00 of 1st period - Deflect By Jesse Joensuu.
1:00 of 1st period - Shot Misses the Net.
1:00 of 1st period - Puck is out of play.
1:01 of 1st period - Tim Schaller wins face-off versus Oscar Lindberg in Mulligans zone.
1:12 of 1st period - Snap shot by Sean Avery.
1:12 of 1st period - Stopped by Anders Lindback with a rebound.
2:42 of 1st period - Matt Taormina is hit by Marcus Johansson.
3:00 of 1st period - Backhand shot by Robert Klinkhammer.
3:00 of 1st period - Deflect By Sean Avery.
3:00 of 1st period - Shot Blocked by Anton Lander.
3:00 of 1st period - Puck is out of play.
3:01 of 1st period - Oscar Lindberg wins face-off versus Anton Lander in Mulligans zone.
3:48 of 1st period - Icing by Raphael Diaz.
3:49 of 1st period - Sean Avery wins face-off versus Tim Schaller in Little Stars zone.
4:07 of 1st period - Minor Penalty to Sean Avery for Hooking.
4:08 of 1st period - Michael Mersch wins face-off versus Denis Arkhipov in Little Stars zone.
4:43 of 1st period - Snap shot by Eric Tangradi.
4:43 of 1st period - Shot Blocked by Justin Faulk.
5:25 of 1st period - Raphael Diaz is hit by Matt Taormina and loses puck.
6:07 of 1st period - Penalty to Sean Avery is over, Sean Avery is back on ice.
6:24 of 1st period - Wrist shot by Robert Klinkhammer.
6:24 of 1st period - Stopped by Anders Lindback with a rebound.
6:26 of 1st period - Slapshot by Raphael Diaz.
6:26 of 1st period - Shot Blocked by Matt Niskanen.
7:28 of 1st period - Off-side.
7:29 of 1st period - T.J. Tynan wins face-off versus Anton Lander in neutral zone.
7:32 of 1st period - Eric Tangradi is hit by Jesse Joensuu and loses puck.
8:31 of 1st period - Snap shot by Jesse Joensuu.
8:31 of 1st period - Shot Blocked by Gord Baldwin.
8:39 of 1st period - Snap shot by Matt Beleskey.
8:39 of 1st period - Shot Misses the Net.
8:47 of 1st period - Wrist shot by Maxime Macenauer.
8:47 of 1st period - Shot Misses the Net.
9:20 of 1st period - Raphael Diaz is hit by Michael Del Zotto and loses puck.
9:42 of 1st period - Snap shot by Sean Avery.
9:42 of 1st period - Shot Blocked by Cody Goloubef.
10:49 of 1st period - Conor Allen is hit by Tim Schaller and loses puck.
12:32 of 1st period - Snap shot by Denis Arkhipov.
12:32 of 1st period - Shot Blocked by Tyler Randell.
12:34 of 1st period - Slapshot by Denis Arkhipov.
12:34 of 1st period - Goal by Denis Arkhipov - Little Stars : 0 - Mulligans : 1.
12:35 of 1st period - Denis Arkhipov wins face-off versus Marcus Johansson in neutral zone.
12:42 of 1st period - Slapshot by Denis Arkhipov.
12:42 of 1st period - Shot Misses the Net.
12:44 of 1st period - Slapshot by Matt Niskanen.
12:44 of 1st period - Stopped by Peter Budaj with a rebound.
12:46 of 1st period - Slapshot by Jordan Szwarz.
12:46 of 1st period - Stopped by Peter Budaj with a rebound.
12:50 of 1st period - Wrist shot by Jordan Szwarz.
12:50 of 1st period - Stopped by Peter Budaj without a rebound.
12:51 of 1st period - Dana Tyrell wins face-off versus Anton Lander in Little Stars zone.
13:04 of 1st period - Slapshot by Dana Tyrell.
13:04 of 1st period - Shot Misses the Net.
13:46 of 1st period - Slapshot by Sean Avery.
13:46 of 1st period - Stopped by Anders Lindback without a rebound.
13:47 of 1st period - Andrej Nestrasil wins face-off versus Anton Lander in Mulligans zone.
13:48 of 1st period - Snap shot by Marcus Johansson.
13:48 of 1st period - Goal by Marcus Johansson - Little Stars : 1 - Mulligans : 1.
13:49 of 1st period - Dana Tyrell wins face-off versus Denis Arkhipov in neutral zone.
14:15 of 1st period - Marcus Johansson is hit by Matt Taormina and loses puck.
14:40 of 1st period - Snap shot by Matt Beleskey.
14:40 of 1st period - Deflect By Maxime Macenauer.
14:40 of 1st period - Stopped by Peter Budaj with a rebound.
14:42 of 1st period - Snap shot by Matt Taormina.
14:42 of 1st period - Shot Misses the Net.
15:15 of 1st period - Marcus Johansson is hit by Matt Donovan and loses puck.
15:34 of 1st period - Snap shot by Denis Arkhipov.
15:34 of 1st period - Stopped by Peter Budaj with a rebound.
15:40 of 1st period - Wrist shot by Drayson Bowman.
15:40 of 1st period - Shot Blocked by Justin Faulk.
15:56 of 1st period - T.J. Tynan is hit by Maxime Macenauer and loses puck.
16:03 of 1st period - Jared Spurgeon is hit by Logan Shaw and loses puck.
16:12 of 1st period - Matt Beleskey is hit by T.J. Tynan and loses puck.
16:21 of 1st period - Slapshot by Jesse Joensuu.
16:21 of 1st period - Shot Misses the Net.
16:23 of 1st period - Wrist shot by Tom Kuhnhackl.
16:23 of 1st period - Shot Blocked by Matt Beleskey.
16:25 of 1st period - Snap shot by Tom Kuhnhackl.
16:25 of 1st period - Goal by Tom Kuhnhackl - Little Stars : 2 - Mulligans : 1.
16:26 of 1st period - Dana Tyrell wins face-off versus Drayson Bowman in neutral zone.
17:00 of 1st period - Snap shot by Jordan Szwarz.
17:00 of 1st period - Shot Misses the Net.
17:02 of 1st period - Slapshot by Drayson Bowman.
17:02 of 1st period - Deflect By Denis Arkhipov.
17:02 of 1st period - Shot Blocked by Niklas Hjalmarsson.
17:02 of 1st period - Puck is out of play.
17:03 of 1st period - Dana Tyrell wins face-off versus Anton Lander in Little Stars zone.
17:08 of 1st period - Wrist shot by Dana Tyrell.
17:08 of 1st period - Deflect By Sean Avery.
17:08 of 1st period - Shot Misses the Net.
17:08 of 1st period - Puck is out of play.
17:09 of 1st period - Hugh Jessiman wins face-off versus Anton Lander in Mulligans zone.
17:15 of 1st period - Minor Penalty to Matt Niskanen for Roughing.
17:16 of 1st period - Tim Schaller wins face-off versus Dana Tyrell in Mulligans zone.
17:21 of 1st period - Snap shot by Raphael Diaz.
17:21 of 1st period - Deflect By Sean Avery.
17:21 of 1st period - Shot Misses the Net.
17:21 of 1st period - Puck is out of play.
17:22 of 1st period - Dana Tyrell wins face-off versus Tim Schaller in Mulligans zone.
17:49 of 1st period - Snap shot by Andrej Nestrasil.
17:49 of 1st period - Shot Blocked by Gord Baldwin.
18:03 of 1st period - Wrist shot by Drayson Bowman.
18:03 of 1st period - Shot Blocked by Niklas Hjalmarsson.
18:31 of 1st period - Dana Tyrell is hit by Tim Schaller.
19:15 of 1st period - Penalty to Matt Niskanen is over, Matt Niskanen is back on ice.
19:41 of 1st period - Snap shot by Eric Tangradi.
19:41 of 1st period - Shot Misses the Net.
19:43 of 1st period - Slapshot by Eric Tangradi.
19:43 of 1st period - Shot Misses the Net.
19:45 of 1st period - Wrist shot by Eric Tangradi.
19:45 of 1st period - Shot Blocked by Sean Avery.
19:47 of 1st period - Wrist shot by Eric Tangradi.
19:47 of 1st period - Shot Misses the Net.
Goals for this period are 2 for Little Stars vs 1 for Mulligans.
Shots for this period are 6 for Little Stars vs 6 for Mulligans.
2nd period
0:01 of 2nd period - Dana Tyrell wins face-off versus Anton Lander in neutral zone.
0:22 of 2nd period - Minor Penalty to Dana Tyrell for Holding.
0:23 of 2nd period - Denis Arkhipov wins face-off versus Sean Avery in Little Stars zone.
0:51 of 2nd period - Icing by Michael Del Zotto.
0:52 of 2nd period - Anton Lander wins face-off versus Sean Avery in Mulligans zone.
1:07 of 2nd period - Wrist shot by Eric Tangradi.
1:07 of 2nd period - Deflect By Anton Lander.
1:07 of 2nd period - Stopped by Peter Budaj with a rebound.
2:08 of 2nd period - Snap shot by Jonathan Tremblay.
2:08 of 2nd period - Stopped by Peter Budaj without a rebound.
2:09 of 2nd period - Sean Avery wins face-off versus Anton Lander in Little Stars zone.
2:09 of 2nd period - Sean Avery is hit by Jonathan Tremblay.
2:21 of 2nd period - Snap shot by Michael Del Zotto.
2:21 of 2nd period - Shot Blocked by Justin Faulk.
2:22 of 2nd period - Penalty to Dana Tyrell is over, Dana Tyrell is back on ice.
2:23 of 2nd period - Snap shot by Jonathan Tremblay.
2:23 of 2nd period - Shot Misses the Net.
2:25 of 2nd period - Snap shot by Eric Tangradi.
2:25 of 2nd period - Shot Blocked by Dana Tyrell.
2:39 of 2nd period - Jan Hlavac is hit by T.J. Tynan and loses puck.
2:48 of 2nd period - Jesse Joensuu is hit by Jan Hlavac and loses puck.
3:09 of 2nd period - Slapshot by Matt Taormina.
3:09 of 2nd period - Stopped by Peter Budaj without a rebound.
3:10 of 2nd period - Denis Arkhipov wins face-off versus Dana Tyrell in Little Stars zone.
3:17 of 2nd period - Snap shot by Denis Arkhipov.
3:17 of 2nd period - Goal by Denis Arkhipov - Little Stars : 2 - Mulligans : 2.
3:18 of 2nd period - Dana Tyrell wins face-off versus Denis Arkhipov in neutral zone.
3:21 of 2nd period - Drayson Bowman is hit by Sean Avery and loses puck.
3:32 of 2nd period - Wrist shot by Sean Avery.
3:32 of 2nd period - Stopped by Anders Lindback with a rebound.
3:44 of 2nd period - Matt Niskanen is hit by Raphael Diaz and loses puck.
4:17 of 2nd period - Snap shot by Jonathan Tremblay.
4:17 of 2nd period - Stopped by Peter Budaj without a rebound.
4:18 of 2nd period - Denis Arkhipov wins face-off versus Dana Tyrell in Little Stars zone.
4:21 of 2nd period - Slapshot by Drayson Bowman.
4:21 of 2nd period - Stopped by Peter Budaj with a rebound.
4:29 of 2nd period - Denis Arkhipov is hit by Hugh Jessiman and loses puck.
4:51 of 2nd period - Icing by Matt Donovan.
4:52 of 2nd period - Maxime Macenauer wins face-off versus Dana Tyrell in Mulligans zone.
5:23 of 2nd period - Snap shot by Matt Beleskey.
5:23 of 2nd period - Stopped by Peter Budaj with a rebound.
5:25 of 2nd period - Snap shot by Matt Beleskey.
5:25 of 2nd period - Deflect By Logan Shaw.
5:25 of 2nd period - Stopped by Peter Budaj with a rebound.
5:27 of 2nd period - Slapshot by Gord Baldwin.
5:27 of 2nd period - Shot Blocked by Petter Granberg.
5:29 of 2nd period - Slapshot by Gord Baldwin.
5:29 of 2nd period - Stopped by Peter Budaj with a rebound.
5:31 of 2nd period - Wrist shot by Logan Shaw.
5:31 of 2nd period - Stopped by Peter Budaj without a rebound.
5:32 of 2nd period - Andrej Nestrasil wins face-off versus Denis Arkhipov in Little Stars zone.
5:42 of 2nd period - Off-side.
5:43 of 2nd period - Denis Arkhipov wins face-off versus Andrej Nestrasil in neutral zone.
6:06 of 2nd period - Icing by Niklas Hjalmarsson.
6:07 of 2nd period - Dana Tyrell wins face-off versus Anton Lander in Little Stars zone.
6:07 of 2nd period - Dana Tyrell is hit by Jonathan Tremblay.
6:30 of 2nd period - Icing by Raphael Diaz.
6:31 of 2nd period - Dana Tyrell wins face-off versus Denis Arkhipov in Little Stars zone.
6:40 of 2nd period - Snap shot by Andrej Nestrasil.
6:40 of 2nd period - Shot Blocked by Michael Del Zotto.
6:42 of 2nd period - Slapshot by Raphael Diaz.
6:42 of 2nd period - Shot Misses the Net.
6:44 of 2nd period - Snap shot by Tyler Randell.
6:44 of 2nd period - Stopped by Anders Lindback with a rebound.
6:46 of 2nd period - Slapshot by Raphael Diaz.
6:46 of 2nd period - Stopped by Anders Lindback with a rebound.
7:09 of 2nd period - Wrist shot by Michael Del Zotto.
7:09 of 2nd period - Deflect By Justin Faulk.
7:09 of 2nd period - Stopped by Peter Budaj with a rebound.
7:19 of 2nd period - Snap shot by Jan Hlavac.
7:19 of 2nd period - Stopped by Peter Budaj without a rebound.
7:20 of 2nd period - Dana Tyrell wins face-off versus Tim Schaller in Little Stars zone.
7:31 of 2nd period - Slapshot by Sean Avery.
7:31 of 2nd period - Shot Misses the Net.
7:33 of 2nd period - Slapshot by Niklas Hjalmarsson.
7:33 of 2nd period - Shot Blocked by Tim Schaller.
7:35 of 2nd period - Wrist shot by Hugh Jessiman.
7:35 of 2nd period - Shot Misses the Net.
7:45 of 2nd period - Slapshot by Matt Niskanen.
7:45 of 2nd period - Shot Blocked by Tyler Randell.
7:45 of 2nd period - Tyler Randell from Little Stars is injured at 7:45 of 2nd period (Back).
7:46 of 2nd period - Denis Arkhipov wins face-off versus Dana Tyrell in Little Stars zone.
8:21 of 2nd period - Raphael Diaz is hit by Matt Taormina.
8:37 of 2nd period - Matt Taormina is hit by Niklas Hjalmarsson and loses puck.
9:38 of 2nd period - Snap shot by Jonathan Tremblay.
9:38 of 2nd period - Stopped by Peter Budaj with a rebound.
9:40 of 2nd period - Snap shot by Anton Lander.
9:40 of 2nd period - Shot Misses the Net.
9:42 of 2nd period - Wrist shot by Jonathan Tremblay.
9:42 of 2nd period - Stopped by Peter Budaj with a rebound.
9:44 of 2nd period - Wrist shot by Eric Tangradi.
9:44 of 2nd period - Stopped by Peter Budaj with a rebound.
10:06 of 2nd period - Wrist shot by Jan Hlavac.
10:06 of 2nd period - Shot Misses the Net.
10:32 of 2nd period - Sean Avery is hit by Drayson Bowman.
10:41 of 2nd period - Slapshot by Thomas Hickey.
10:41 of 2nd period - Shot Misses the Net.
10:44 of 2nd period - Icing by Andrej Nestrasil.
10:45 of 2nd period - Andrej Nestrasil wins face-off versus Anton Lander in Little Stars zone.
10:50 of 2nd period - Snap shot by Anton Lander.
10:50 of 2nd period - Stopped by Peter Budaj without a rebound.
10:51 of 2nd period - Andrej Nestrasil wins face-off versus Anton Lander in Little Stars zone.
10:58 of 2nd period - Matt Taormina is hit by Andrej Nestrasil and loses puck.
11:31 of 2nd period - Minor Penalty to Hugh Jessiman for Hooking.
11:32 of 2nd period - Denis Arkhipov wins face-off versus Sean Avery in Little Stars zone.
13:31 of 2nd period - Penalty to Hugh Jessiman is over, Hugh Jessiman is back on ice.
13:43 of 2nd period - T.J. Tynan is hit by Tim Schaller and loses puck.
15:05 of 2nd period - Backhand shot by Marcus Johansson.
15:05 of 2nd period - Stopped by Anders Lindback with a rebound.
15:21 of 2nd period - Slapshot by Tom Kuhnhackl.
15:21 of 2nd period - Shot Misses the Net.
15:33 of 2nd period - Robert Klinkhammer is hit by Michael Del Zotto and loses puck.
16:02 of 2nd period - Wrist shot by Jonathan Tremblay.
16:02 of 2nd period - Deflect By Eric Tangradi.
16:02 of 2nd period - Shot Misses the Net.
16:02 of 2nd period - Puck is out of play.
16:03 of 2nd period - Anton Lander wins face-off versus T.J. Tynan in Little Stars zone.
16:24 of 2nd period - Minor Penalty to Eric Tangradi for Boarding.
16:25 of 2nd period - Jan Hlavac wins face-off versus Dana Tyrell in Mulligans zone.
17:12 of 2nd period - Drayson Bowman is hit by Marcus Johansson and loses puck.
18:24 of 2nd period - Penalty to Eric Tangradi is over, Eric Tangradi is back on ice.
18:31 of 2nd period - Icing by Eric Tangradi.
18:32 of 2nd period - Anton Lander wins face-off versus T.J. Tynan in Mulligans zone.
19:40 of 2nd period - Slapshot by Matt Taormina.
19:40 of 2nd period - Stopped by Peter Budaj with a rebound.
19:42 of 2nd period - Slapshot by Matt Taormina.
19:42 of 2nd period - Stopped by Peter Budaj without a rebound.
19:43 of 2nd period - Denis Arkhipov wins face-off versus Dana Tyrell in Little Stars zone.
Goals for this period are 0 for Little Stars vs 1 for Mulligans.
Shots for this period are 4 for Little Stars vs 18 for Mulligans.
3rd period
0:01 of 3rd period - Dana Tyrell wins face-off versus Anton Lander in neutral zone.
0:26 of 3rd period - Raphael Diaz is hit by Denis Arkhipov and loses puck.
0:57 of 3rd period - Slapshot by Tom Kuhnhackl.
0:57 of 3rd period - Shot Misses the Net.
1:38 of 3rd period - Wrist shot by Jonathan Tremblay.
1:38 of 3rd period - Stopped by Peter Budaj without a rebound.
1:39 of 3rd period - Anton Lander wins face-off versus T.J. Tynan in Little Stars zone.
2:25 of 3rd period - Slapshot by Sean Avery.
2:25 of 3rd period - Stopped by Anders Lindback without a rebound.
2:26 of 3rd period - Dana Tyrell wins face-off versus Maxime Macenauer in Mulligans zone.
2:35 of 3rd period - Slapshot by Justin Faulk.
2:35 of 3rd period - Stopped by Anders Lindback without a rebound.
2:36 of 3rd period - Anton Lander wins face-off versus Dana Tyrell in Mulligans zone.
2:57 of 3rd period - Minor Penalty to Anton Lander for Hooking.
2:58 of 3rd period - Tim Schaller wins face-off versus Dana Tyrell in Mulligans zone.
3:07 of 3rd period - Slapshot by Raphael Diaz.
3:07 of 3rd period - Goal by Raphael Diaz - Little Stars : 3 - Mulligans : 2.
3:08 of 3rd period - Dana Tyrell wins face-off versus Denis Arkhipov in neutral zone.
3:22 of 3rd period - Off-side.
3:23 of 3rd period - Dana Tyrell wins face-off versus Anton Lander in neutral zone.
3:26 of 3rd period - Wrist shot by Dana Tyrell.
3:26 of 3rd period - Stopped by Anders Lindback without a rebound.
3:27 of 3rd period - Dana Tyrell wins face-off versus Anton Lander in Mulligans zone.
3:55 of 3rd period - Off-side.
3:56 of 3rd period - Andrej Nestrasil wins face-off versus Drayson Bowman in neutral zone.
4:09 of 3rd period - Snap shot by Marcus Johansson.
4:09 of 3rd period - Shot Blocked by Denis Arkhipov.
4:30 of 3rd period - Wrist shot by Marcus Johansson.
4:30 of 3rd period - Stopped by Anders Lindback with a rebound.
4:36 of 3rd period - Wrist shot by Marcus Johansson.
4:36 of 3rd period - Stopped by Anders Lindback with a rebound.
5:07 of 3rd period - Snap shot by Marcus Johansson.
5:07 of 3rd period - Stopped by Anders Lindback with a rebound.
5:19 of 3rd period - Snap shot by Drayson Bowman.
5:19 of 3rd period - Stopped by Peter Budaj with a rebound.
5:23 of 3rd period - Slapshot by Drayson Bowman.
5:23 of 3rd period - Stopped by Peter Budaj without a rebound.
5:24 of 3rd period - Anton Lander wins face-off versus Sean Avery in Little Stars zone.
5:45 of 3rd period - Minor Penalty to Eric Tangradi for Hooking.
5:46 of 3rd period - Tim Schaller wins face-off versus Dana Tyrell in Mulligans zone.
5:59 of 3rd period - Snap shot by Sean Avery.
5:59 of 3rd period - Shot Misses the Net.
7:45 of 3rd period - Penalty to Eric Tangradi is over, Eric Tangradi is back on ice.
7:54 of 3rd period - Slapshot by Justin Faulk.
7:54 of 3rd period - Shot Blocked by Thomas Hickey.
7:56 of 3rd period - Slapshot by Jared Spurgeon.
7:56 of 3rd period - Shot Blocked by Matt Niskanen.
8:16 of 3rd period - Off-side.
8:17 of 3rd period - Denis Arkhipov wins face-off versus Michael Mersch in neutral zone.
8:29 of 3rd period - Wrist shot by T.J. Tynan.
8:29 of 3rd period - Stopped by Anders Lindback without a rebound.
8:30 of 3rd period - Dana Tyrell wins face-off versus Anton Lander in Mulligans zone.
8:31 of 3rd period - Slapshot by Niklas Hjalmarsson.
8:31 of 3rd period - Stopped by Anders Lindback without a rebound.
8:32 of 3rd period - Hugh Jessiman wins face-off versus Anton Lander in Mulligans zone.
8:57 of 3rd period - Gord Baldwin is hit by Andrej Nestrasil and loses puck.
9:54 of 3rd period - Penalty Shot by T.J. Tynan for Little Stars.
9:54 of 3rd period - Deke by T.J. Tynan.
9:54 of 3rd period - Shot Misses the Net.
9:55 of 3rd period - Dana Tyrell wins face-off versus Denis Arkhipov in Little Stars zone.
10:24 of 3rd period - Andrej Nestrasil is hit by Jonathan Tremblay and loses puck.
10:31 of 3rd period - Jonathan Tremblay is hit by Marcus Johansson and loses puck.
10:40 of 3rd period - Justin Faulk is hit by Jonathan Tremblay.
10:50 of 3rd period - Slapshot by Michael Del Zotto.
10:50 of 3rd period - Shot Misses the Net.
10:52 of 3rd period - Wrist shot by Matt Beleskey.
10:52 of 3rd period - Stopped by Peter Budaj without a rebound.
10:53 of 3rd period - Oscar Lindberg wins face-off versus Maxime Macenauer in Little Stars zone.
11:02 of 3rd period - Slapshot by Sean Avery.
11:02 of 3rd period - Goal by Sean Avery - Little Stars : 4 - Mulligans : 2.
11:03 of 3rd period - Anton Lander wins face-off versus Dana Tyrell in neutral zone.
11:05 of 3rd period - Off-side.
11:06 of 3rd period - Anton Lander wins face-off versus Dana Tyrell in neutral zone.
11:09 of 3rd period - Raphael Diaz is hit by Gord Baldwin and loses puck.
11:20 of 3rd period - Snap shot by Dana Tyrell.
11:20 of 3rd period - Shot Misses the Net.
11:22 of 3rd period - Slapshot by Niklas Hjalmarsson.
11:22 of 3rd period - Stopped by Anders Lindback with a rebound.
11:29 of 3rd period - Icing by Matt Donovan.
11:30 of 3rd period - Andrej Nestrasil wins face-off versus Jonathan Tremblay in Mulligans zone.
11:33 of 3rd period - Wrist shot by Andrej Nestrasil.
11:33 of 3rd period - Goal by Andrej Nestrasil - Little Stars : 5 - Mulligans : 2.
11:34 of 3rd period - Anton Lander wins face-off versus Dana Tyrell in neutral zone.
11:39 of 3rd period - Slapshot by Eric Tangradi.
11:39 of 3rd period - Stopped by Peter Budaj with a rebound.
12:09 of 3rd period - Wrist shot by Andrej Nestrasil.
12:09 of 3rd period - Shot Misses the Net.
12:11 of 3rd period - Wrist shot by Raphael Diaz.
12:11 of 3rd period - Stopped by Anders Lindback with a rebound.
12:13 of 3rd period - Wrist shot by Marcus Johansson.
12:13 of 3rd period - Stopped by Anders Lindback without a rebound.
12:14 of 3rd period - Anton Lander wins face-off versus T.J. Tynan in Mulligans zone.
12:14 of 3rd period - Anton Lander is hit by Tom Kuhnhackl.
12:22 of 3rd period - Wrist shot by Jesse Joensuu.
12:22 of 3rd period - Deflect By Tom Kuhnhackl.
12:22 of 3rd period - Shot Misses the Net.
12:22 of 3rd period - Puck is out of play.
12:23 of 3rd period - Anton Lander wins face-off versus T.J. Tynan in Mulligans zone.
12:23 of 3rd period - Anton Lander is hit by Tom Kuhnhackl.
12:38 of 3rd period - Slapshot by Jared Spurgeon.
12:38 of 3rd period - Deflect By Michael Del Zotto.
12:38 of 3rd period - Stopped by Anders Lindback with a rebound.
12:40 of 3rd period - Snap shot by Jesse Joensuu.
12:40 of 3rd period - Shot Misses the Net.
12:52 of 3rd period - Slapshot by Michael Del Zotto.
12:52 of 3rd period - Shot Blocked by T.J. Tynan.
13:00 of 3rd period - Snap shot by Justin Faulk.
13:00 of 3rd period - Shot Hit the Post.
13:06 of 3rd period - Snap shot by Jesse Joensuu.
13:06 of 3rd period - Shot Misses the Net.
13:08 of 3rd period - Wrist shot by T.J. Tynan.
13:08 of 3rd period - Deflect By Jesse Joensuu.
13:08 of 3rd period - Shot Misses the Net.
13:08 of 3rd period - Puck is out of play.
13:09 of 3rd period - Denis Arkhipov wins face-off versus Dana Tyrell in Mulligans zone.
13:16 of 3rd period - Snap shot by Dana Tyrell.
13:16 of 3rd period - Shot Misses the Net.
13:18 of 3rd period - Snap shot by Dana Tyrell.
13:18 of 3rd period - Stopped by Anders Lindback without a rebound.
13:19 of 3rd period - Dana Tyrell wins face-off versus Denis Arkhipov in Mulligans zone.
13:37 of 3rd period - Icing by Matt Niskanen.
13:38 of 3rd period - Andrej Nestrasil wins face-off versus Denis Arkhipov in Mulligans zone.
13:43 of 3rd period - Wrist shot by Marcus Johansson.
13:43 of 3rd period - Stopped by Anders Lindback with a rebound.
13:45 of 3rd period - Snap shot by Jared Spurgeon.
13:45 of 3rd period - Shot Blocked by Matt Niskanen.
13:47 of 3rd period - Snap shot by Alexander Vasyunov.
13:47 of 3rd period - Stopped by Anders Lindback with a rebound.
13:49 of 3rd period - Snap shot by Marcus Johansson.
13:49 of 3rd period - Deflect By Andrej Nestrasil.
13:49 of 3rd period - Shot Misses the Net.
13:49 of 3rd period - Puck is out of play.
13:50 of 3rd period - Anton Lander wins face-off versus Hugh Jessiman in Mulligans zone.
14:03 of 3rd period - Slapshot by Jonathan Tremblay.
14:03 of 3rd period - Stopped by Peter Budaj with a rebound.
14:05 of 3rd period - Wrist shot by Eric Tangradi.
14:05 of 3rd period - Shot Blocked by Raphael Diaz.
14:15 of 3rd period - Sean Avery is hit by Gord Baldwin.
14:46 of 3rd period - Slapshot by Marcus Johansson.
14:46 of 3rd period - Shot Misses the Net.
14:48 of 3rd period - Minor Penalty to Drayson Bowman for Hooking.
14:49 of 3rd period - Andrej Nestrasil wins face-off versus Tim Schaller in Mulligans zone.
15:58 of 3rd period - Jan Hlavac is hit by Hugh Jessiman and loses puck.
16:15 of 3rd period - Cody Goloubef is hit by Alexander Vasyunov and loses puck.
16:48 of 3rd period - Penalty to Drayson Bowman is over, Drayson Bowman is back on ice.
Goals for this period are 3 for Little Stars vs 0 for Mulligans.
Shots for this period are 18 for Little Stars vs 6 for Mulligans.
Back to the Top